AoeStats
← CanallaVillano

MegaRandom

508739287Analyzed
4v4 RM · 9d ago on Sep 23, 2026· 37m 46s· 8 players
Game mode
Random Map
Map size
Large (8 player)
Population
200
Speed
Normal
Resources
Standard
Victory
Conquest
Starting age
Dark Age
Ending age
Imperial Age
RankedLock teamsTeams togetherTeam positionsShared explorationLock speedFull tech treeHidden civsTurbo modeCheats
Victory
Defeat
🇨🇴 Khmer · Colombia
559
+19
🇪🇸 Teutons · Spain
518
+20
🇪🇸 Spanish · Spain
504
+21
🇺🇦 Byzantines · Ukraine
464
+22
🇺🇸 Celts · United States
704
-24
🇦🇷 Celts · Argentina
667
-23
🇧🇬 Malay · Bulgaria
634
-21
🇦🇺 Gurjaras · Australia
445
-14
Dprn 1000 mg
20:06 Feudal Age
20:46 Man-at-Arms
Don M´s
4:03 Loom
9:41 Feudal Age
13:52 Wheelbarrow
13:13 Gold Mining
14:06 Double-Bit Axe
17:49 Stone Mining
20:53 Castle Age
21:42 Horse Collar
23:53 Hand Cart
23:26 Town Watch
26:25 Fletching
31:58 Imperial Age
33:10 Gold Shaft Mining
33:07 Heavy Plow
37:34 Conscription
37:15 Double Crossbow
36:36 Elite Ballista Elephant
38:34 Bow Saw
MIOSE5358
14:36 Feudal Age
16:18 Wheelbarrow
15:32 Double-Bit Axe
16:03 Horse Collar
20:27 Castle Age
18:55 Stone Mining
18:56 Gold Mining
21:28 Hand Cart
21:48 Bow Saw
21:42 Heavy Plow
25:40 Stone Shaft Mining
29:47 Imperial Age
27:36 Forging
28:55 Bloodlines
31:37 Chemistry
30:59 Ballistics
32:58 Conscription
33:57 Husbandry
33:59 Padded Archer Armor
33:50 Fletching
36:33 Heavy Mounted Crossbowman
CanallaVillano
2:13 Loom
11:52 Feudal Age
12:35 Horse Collar
14:15 Wheelbarrow
16:07 Double-Bit Axe
22:02 Castle Age
21:27 Town Watch
23:33 Fletching
23:55 Forging
24:19 Heavy Plow
25:19 Hand Cart
25:44 Squires
25:29 Gambesons
27:21 Arson
31:34 Imperial Age
33:19 Conscription
35:24 Chemistry
35:10 Crop Rotation
37:35 Scale Mail Armor
38:11 Iron Casting
37:32 Bodkin Arrow
DuceDubz
0:55 Loom
14:07 Feudal Age
14:43 Horse Collar
14:54 Double-Bit Axe
16:29 Wheelbarrow
18:08 Gold Mining
18:09 Stone Mining
20:11 Fletching
20:32 Forging
20:23 Scale Mail Armor
21:24 Arson
24:35 Castle Age
26:52 Bodkin Arrow
27:33 Iron Casting
27:14 Chain Mail Armor
28:34 Heavy Plow
28:48 Bow Saw
31:54 Stronghold
36:36 Gold Shaft Mining
36:37 Stone Shaft Mining
yomamacry
2:09 Loom
GOG
montesmariano1805
Connection lost

Rejoining the realm…

Still unreachable

The connection could not be restored.

Session expired

The server has moved on; the page needs a fresh start.